[Event "*** Qualifier 4: Titled Tuesday 3|2 Blitz"]
[Site "Chess.com"]
[Date "2017.04.25"]
[Round "10"]
[White "Hikaru"]
[Black "LyonBeast"]
[Result "1-0"]
[WhiteElo "2938"]
[BlackElo "2803"]
[TimeControl "180+2"]
[EndTime "15:13:15 PDT"]
[Termination "Hikaru won by resignation"]

1. d4 Nf6 2. c4 g6 3. f3 c5 4.
d5 d6 5. Nc3 Bg7 6. e4 e6 7. Bg5 exd5 8. cxd5 O-O 9. Qd2 a6 10. a4 h6 11. Be3 Nbd7 12. Nh3 Rb8 13. Nf2 Kh7 14. Be2 Ne8 15. O-O Nc7 16. Rab1 b5 17.
axb5 axb5 18. b4 cxb4 19. Rxb4 Ba6 20. Bd4 Nc5 21. Bxg7 Kxg7 22. Ng4 h5 23. Qd4+ f6 24.
Ne3 Qe7 25. f4 Bc8 26. f5 Qe5 27. fxg6 Qxd4 28. Rxd4 b4 29. Na2 b3 30. Nb4 b2 31.
Rb1 Re8 32. Rxb2 Rxe4 33. Rxe4 Nxe4 34. Bxh5 f5 35. Rc2 Ne8 36. Bf3 f4 37. Nf1 Bf5 38.
Rc4 Ng5 39. Rxf4 Nxf3+ 40. gxf3 Bxg6 41. Rc4 Nf6 42. Ne3 Re8 43. Kf2 Rh8 44. h4 Rb8 45. Ng2 Bf7 46. Ne3 Bg6 47. Ke2 Rb5 48. Kd2 Kf8 49.
Kc3 Bf7 50. Rf4 Rxb4 51. Kxb4 1-0

[Event "*** Qualifier 4: Titled Tuesday 3|2 Blitz"]
[Site "Chess.com"]
[Date "2017.04.25"]
[Round "10"]
[White "Gordima"]
[Black "EgorGeroev"]
[Result "0-1"]
[WhiteElo "2504"]
[BlackElo "2618"]
[TimeControl "180+2"]
[EndTime "15:13:28 PDT"]
[Termination "EgorGeroev won by resignation"]

1. c4 b6 2. Nc3 Bb7 3. e4 e5 4.
Nf3 Nc6 5. d4 exd4 6. Nxd4 Bb4 7. Nxc6 Bxc6 8. Bd3 Bxc3+ 9. bxc3 Qh4 10. O-O Ne7 11. f4 f5 12. e5 O-O-O 13. c5 g5 14. cxb6 axb6 15. a4 Rdg8 16. fxg5 h6 17. Rf4 Qxg5 18.
g3 h5 19. Rd4 Qg7 20. a5 b5 21.
a6 Kb8 22. a7+ Ka8 23. Qe2 h4 24. Bxb5 hxg3 25. h4 Bb7 26. Bxd7 f4 27. Rxf4 Nd5 28. Rg4 Qxd7 29. Rxg8+ Rxg8 30. Bg5 Qh3 31. Qg2 Qg4 32. Rb1 Nb6 0-1

[Event "*** Qualifier 4: Titled Tuesday 3|2 Blitz"]
[Site "Chess.com"]
[Date "2017.04.25"]
[Round "10"]
[White "Alex_Molchanov"]
[Black "DryCounty"]
[Result "0-1"]
[WhiteElo "2420"]
[BlackElo "2482"]
[TimeControl "180+2"]
[EndTime "15:13:32 PDT"]
[Termination "DryCounty won by resignation"]

1. d4 Nf6 2. c4 a6 3. Nf3 b5 4.
cxb5 axb5 5. e3 b4 6. Bd3 e6 7. e4 Bb7 8. Nbd2 d5 9. e5 Ne4 10. O-O Be7 11. Re1 Nxd2 12. Bxd2 c5 13. dxc5 Bxc5 14.
Ng5 Qb6 15. Qf3 Rf8 16. Nxh7 Rh8 17. Ng5 Rf8 18. a3 Nd7 19. Bf4 Bd4 20. Rab1 Ba6 21. Bh7 Rc8 22. Bg3 Rc7 23. h4 g6 24. Nxf7 Rxf7 25.
Bxg6 Nf8 26. Bh5 b3 27. Rbc1 Bc4 28. Rxc4 dxc4 29. Bf4 Qc6 30. Bxf7+ Kxf7 31. Qh5+ Ke7 32. Bg5+ Kd7 33. Qf7+ Kc8 34. Qxf8+ Kb7 35. Rd1 Rd7 36.
Qb4+ Qb6 37. Qxc4 Bxf2+ 38. Kh2 Rxd1 39. Qe4+ Qc6 40. Qf3 Qxf3 41. gxf3 Rb1 42. h5 Rxb2 43. Bf6 Be3+ 44. Kg3 Rc2 45. h6 Bxh6 0-1

[Event "*** Qualifier 4: Titled Tuesday 3|2 Blitz"]
[Site "Chess.com"]
[Date "2017.04.25"]
[Round "10"]
[White "IIIlllII1llIl"]
[Black "Cayse"]
[Result "0-1"]
[WhiteElo "2554"]
[BlackElo "2656"]
[TimeControl "180+2"]
[EndTime "15:13:39 PDT"]
[Termination "Cayse won by resignation"]

1. e4 e5 2. Nf3 Nc6 3. Bc4 Nf6 4.
Ng5 d5 5. exd5 Na5 6. d3 h6 7. Nf3 e4 8. Qe2 Nxc4 9. dxc4 Bc5 10. Nfd2 O-O 11. Nb3 Bg4 12. Qf1 Bd6 13. h3 Bh5 14. g4 Bg6 15. Be3 a5 16. Nc3 a4 17. Nd4 a3 18. b3 Bb4 19. Ne2 b5 20. Qg2 bxc4 21. bxc4 c6 22. O-O cxd5 23. cxd5 Rc8 24. Bd4 Nxd5 25.
Rfd1 Nxc3 26. Nxc3 Bxc3 27. Bxc3 Qe7 28. Bd4 Rxc2 29.
Qg3 Rfc8 30. h4 f6 31. h5 Bf7 32. Rab1 Bxa2 33. Rb6 Bf7 34. g5 hxg5 35. h6 a2 36. hxg7 Rc1 37. Rxc1 Rxc1+ 38. Kg2 a1=Q 39. Bxa1 Rxa1 40. Qc3 Qe5 41. Qc8+ Kxg7 42. Rb8 Qe6 43.
Qh8+ Kg6 44. Rb3 Qxb3 45. Kh2 Qe6 46. Qd8 Qe5+ 47. Kg2 Qf5 0-1

[Event "*** Qualifier 4: Titled Tuesday 3|2 Blitz"]
[Site "Chess.com"]
[Date "2017.04.25"]
[Round "10"]
[White "matiss90"]
[Black "Winehouse83"]
[Result "1-0"]
[WhiteElo "2315"]
[BlackElo "2260"]
[TimeControl "180+2"]
[EndTime "15:13:54 PDT"]
[Termination "matiss90 won by resignation"]

1. e4 c5 2. Nf3 a6 3. Nc3 b5 4. a4 b4 5. Nd5 e6 6. Ne3 Bb7 7. e5 d5 8. exd6 Bxd6 9. Nc4 Bc7 10. b3 Nc6 11. Bb2 Nf6 12. Bd3 Nd4 13. Nxd4 cxd4 14. Qe2 O-O 15. O-O-O Qd5 16. f3 e5 17.
Rde1 Rfe8 18. g4 Bc6 19. Rhf1 Nd7 20. Be4 Qe6 21. d3 Nc5 22. Bxc6 Qxc6 23. h3 f6 24. Kb1 a5 25. h4 Rad8 26. Rg1 Nxa4 27. bxa4 Qxa4 28. g5 f5 29. g6 h6 30. f4 e4 31. Qh5 Qb5 32. Rg5 Rd5 33. Rxe4 Rxe4 34.
dxe4 Rc5 35. Rxf5 Rxf5 36. Qxf5 Qxf5 37. exf5 Bxf4 38. Bxd4 a4 39. Be5 Bxe5 40. Nxe5 Kf8 41. h5 Ke7 42. Ng4 Ke8 43. Kb2 Ke7 44. c3 b3 45. c4 Kd6 46. f6 Kc5 47. f7 Kb4 1-0

[Event "*** Qualifier 4: Titled Tuesday 3|2 Blitz"]
[Site "Chess.com"]
[Date "2017.04.25"]
[Round "10"]
[White "hansen"]
[Black "GrigorGrigorov"]
[Result "1-0"]
[WhiteElo "2663"]
[BlackElo "2536"]
[TimeControl "180+2"]
[EndTime "15:13:56 PDT"]
[Termination "hansen won by checkmate"]

1. e4 g6 2. d4 Bg7 3. c3 d6 4. Nf3 Nf6 5. Bd3 O-O 6. O-O Nbd7 7.
h3 e5 8. Re1 Re8 9. Na3 b6 10.
Nc2 Bb7 11. d5 Nc5 12. Bb5 Rf8 13. Nd2 Nh5 14. b4 Nd7 15. Nf3 Nf4 16. Bc6 Bxc6 17. dxc6 Nf6 18. Bxf4 exf4 19. e5 dxe5 20. Nxe5 Qxd1 21.
Raxd1 Rfd8 22. c4 Rxd1 23. Rxd1 Ne4 24. Nf3 Nd6 25. Na3 Bb2 26. Nb5 Nxc4 27. Nxc7 Rc8 28.
Nd5 Kf8 29. b5 Na3 30. Nxf4 Bf6 31. Rd5 Nc2 32. Nd3 Na3 33. g4 h6 34. h4 Ke7 35. g5 hxg5 36. hxg5 Bg7 37. Kg2 Bf8 38.
Rd7+ Ke8 39. Nd4 Bg7 40. Rxa7 Nc4 41. Ne6 Bc3 42. Nc7+ Kd8 43. Nd5 Bd2 44. Rxf7 Nd6 45. Rf8+ Ne8 46. Ne5 Bxg5 47. Nf7# 1-0

[Event "*** Qualifier 4: Titled Tuesday 3|2 Blitz"]
[Site "Chess.com"]
[Date "2017.04.25"]
[Round "10"]
[White "GMHess"]
[Black "AkshatChandra"]
[Result "0-1"]
[WhiteElo "2590"]
[BlackElo "2697"]
[TimeControl "180+2"]
[EndTime "15:14:09 PDT"]
[Termination "AkshatChandra won by resignation"]

1. e4 c5 2. Nf3 d6 3. Bb5+ Nd7 4. c3 Nf6 5. Qe2 a6 6. Ba4 e6 7. O-O b5 8. Bc2 Bb7 9. a4 Be7 10. d4 O-O 11. Bg5 Re8 12. Nbd2 h6 13. Bxf6 Bxf6 14.
axb5 axb5 15. Qxb5 Qc7 16. Qd3 g6 17. h4 h5 18.
Rfb1 Reb8 19. Ba4 Ba6 20. Qe3 Nb6 21. Bd1 Nc4 22. Nxc4 Bxc4 23. b3 Rxa1 24. Rxa1 Bxb3 25. Bxb3 Rxb3 26. e5 Be7 27. exd6 Bxd6 28. Qe4 Rxc3 29. Ng5 cxd4 30. Ra8+ Kg7 31. g3 d3 32. Qd4+ e5 33.
Qd5 Rc1+ 34. Kg2 Qc6 35. Qxc6 Rxc6 36. Ra7 d2 37. Nxf7 Kf8 38. Ng5 d1=Q 39. Ra8+ Ke7 40. Ra7+ Rc7 0-1

[Event "*** Qualifier 4: Titled Tuesday 3|2 Blitz"]
[Site "Chess.com"]
[Date "2017.04.25"]
[Round "10"]
[White "stepanosinovsky"]
[Black "pawnwonder"]
[Result "1-0"]
[WhiteElo "2231"]
[BlackElo "1847"]
[TimeControl "180+2"]
[EndTime "15:14:09 PDT"]
[Termination "stepanosinovsky won by resignation"]

1. e4 d6 2. d4 Nf6 3. Nc3 g6 4. f4 Bg7 5. e5 dxe5 6. fxe5 Nd5 7. Nf3 O-O 8. Bc4 Be6 9. Ng5 Nxc3 10. Nxe6 Nxd1 11. Nxd8 Rxd8 12. c3 Nxc3 13. bxc3 c5 14. O-O Nc6 15. Rxf7 Kh8 16. Be3 cxd4 17. cxd4 Nxd4 18.
Rxe7 Nc6 19. Rxg7 Kxg7 20. Bg5 Nxe5 21. Bxd8 Rxd8 22. Bf1 Rd2 23. a4 Rb2 24. Rc1 Nc6 25. Rd1 Kf6 26. Bb5 Ke7 27. h4 Rb4 28. h5 a6 29.
Bxc6 bxc6 30. h6 Rxa4 31. Rb1 Kd6 32. Rb7 Rh4 33. Rxh7 Kc5 34. g3 Rh5 35. Kg2 g5 36. Kf3 a5 37. Kg4 Rh1 38. Kxg5 Kb6 39. g4 a4 40. Rh8 Kb7 41. Rh7+ Kb6 42. Rh8 Kb7 43. Rf8 a3 44. Rf2 c5 45. Ra2 Rh3 46. Kg6 c4 47. h7 Rh4 48. g5 Kc7 49. Rxa3 Kd7 50. Ra8 1-0

[Event "*** Qualifier 4: Titled Tuesday 3|2 Blitz"]
[Site "Chess.com"]
[Date "2017.04.25"]
[Round "10"]
[White "theprosecution1"]
[Black "severomorskij"]
[Result "0-1"]
[WhiteElo "2602"]
[BlackElo "2677"]
[TimeControl "180+2"]
[EndTime "15:14:18 PDT"]
[Termination "severomorskij won by resignation"]

1. e4 c5 2. Nf3 Nc6 3. Bb5 e6 4.
O-O Nge7 5. Re1 Ng6 6. c3 d5 7. e5 Bd7 8. Bf1 d4 9. Bd3 Qc7 10. Qe2 Nf4 11. Qf1 g5 12. Be4 g4 13.
d3 Bh6 14. Nfd2 Nxe5 15. cxd4 cxd4 16. Na3 O-O-O 17. Ndc4 Nxc4 18. dxc4 f5 19. Bd3 Kb8 20. Nc2 e5 21. Nb4 Nxd3 22. Qxd3 Bxc1 23. Raxc1 Be6 24. b3 e4 25. Qd2 Qe5 26. a4 f4 27. a5 e3 28. fxe3 dxe3 29. Qc3 Qxc3 30. Rxc3 Rd2 31. g3 f3 32. Rexe3 Rg2+ 33. Kf1 Bf5 34. a6 Rd8 35. Nd5 Rxh2 36. axb7 Rh1+ 37. Kf2 Rh2+ 38. Kf1 h5 39. Re5 Bd7 40. Rce3 Bc6 41. Rf5 Bxb7 42. Kg1 Rg2+ 43. Kf1 Rxg3 44. Rxh5 Rg2 45. Rg5 Rxd5 46. cxd5 Ba6+ 47.
Ke1 f2+ 0-1

[Event "*** Qualifier 4: Titled Tuesday 3|2 Blitz"]
[Site "Chess.com"]
[Date "2017.04.25"]
[Round "10"]
[White "WeiYi1999"]
[Black "amaidel"]
[Result "0-1"]
[WhiteElo "2079"]
[BlackElo "2382"]
[TimeControl "180+2"]
[EndTime "15:14:35 PDT"]
[Termination "amaidel won by resignation"]

1. e4 e6 2. d4 d5 3. Nc3 Bb4 4.
exd5 exd5 5. Bd3 Nf6 6. Ne2 O-O 7. Bf4 c5 8. dxc5 Nc6 9. a3 Bxc5 10. Qd2 d4 11. Ne4 Nxe4 12. Bxe4 Re8 13. Bd3 Bg4 14. f3 Bh5 15. g4 Bg6 16. h4 Bxd3 17. Qxd3 Ne5 18. Bxe5 Rxe5 19. O-O-O Rc8 20. Nxd4 Rd5 21. c3 Bxd4 22. Kb1 Qb6 23. cxd4 Rcd8 24. Qc4 Rxd4 25. Rxd4 Rxd4 26. Qc8+ Rd8 27. Qc3 h6 28. g5 Qg6+ 29.
Ka1 hxg5 30. hxg5 Qxg5 31. f4 Qxf4 32. Qh3 Qh6 33. Qg2 Qe6 34. Qxb7 Qd5 35. Qxd5 Rxd5 36. Kb1 f5 37. Kc2 Kf7 38. b4 Kf6 39. Kc3 g5 40. Kc4 Rd7 41. a4 f4 42. b5 Kf5 43. a5 g4 44. b6 axb6 45. axb6 f3 46. Kc5 Rb7 47. Kc6 Rb8 48. Kc7 Rxb6 49. Kxb6 g3 50. Rg1 g2 51. Kc5 Kf4 52. Kd4 Kg3 53. Ke3 f2 0-1

[Event "*** Qualifier 4: Titled Tuesday 3|2 Blitz"]
[Site "Chess.com"]
[Date "2017.04.25"]
[Round "10"]
[White "Bugcrusher"]
[Black "arna"]
[Result "1-0"]
[WhiteElo "2440"]
[BlackElo "2074"]
[TimeControl "180+2"]
[EndTime "15:14:43 PDT"]
[Termination "Bugcrusher won on time"]

1. d4 e6 2. e4 d6 3. Qe2 b6 4. g3 Bb7 5. Bg2 g6 6. c3 Bg7 7. h4 h6 8. h5 g5 9. Be3 Ne7 10. Nd2 Nd7 11. O-O-O a6 12. f4 gxf4 13. gxf4 f5 14. exf5 Bxg2 15. Qxg2 Nxf5 16. Bf2 O-O 17. Ngf3 Kh8 18. Rde1 Qf6 19. Ne4 Qf7 20. Kb1 Rae8 21. Nh4 Nxh4 22. Rxh4 Nf6 23. Nxf6 Qxf6 24. Rg4 Qf5+ 25.
Ka1 Rg8 26. Rg1 Qf7 27. Rg6 Kh7 28. Be3 b5 29. Qg4 b4 30. cxb4 c5 31. bxc5 dxc5 32. dxc5 Rb8 33. Rg2 Rbd8 34. Kb1 Rd3 35. Qxe6 Rd1+ 36.
Kc2 Qd7 37. Qxd7 Rxd7 38. f5 Rf7 39. Bxh6 Bxh6 40. Rxg8 Rxf5 41. Rc8 Rxh5 42. b4 Rh4 43. Kb3 a5 44. bxa5 Be3 45. c6 Rh5 46. Re2 Bc5 47. Kc4 Ba3 48. a6 Ra5 49. c7 Rc5+ 50. Kb3 Bc1 51. Rc2 Rb5+ 52. Ka4 Rb6 53. Rb8 Rxa6+ 54. Kb5 1-0

[Event "*** Qualifier 4: Titled Tuesday 3|2 Blitz"]
[Site "Chess.com"]
[Date "2017.04.25"]
[Round "10"]
[White "Wolverine_master"]
[Black "MorpheusPro"]
[Result "1-0"]
[WhiteElo "1991"]
[BlackElo "2012"]
[TimeControl "180+2"]
[EndTime "15:14:48 PDT"]
[Termination "Wolverine_master won by resignation"]

1. Nf3 d5 2. g3 c5 3. Bg2 Nc6 4. d4 Nf6 5. O-O Bf5 6. c4 e6 7. Bg5 Be7 8. dxc5 dxc4 9. Qa4 O-O 10. Qxc4 Qa5 11. Rc1 Rac8 12. Nbd2 Qb4 13. e4 Bg6 14. e5 Nd5 15. Bxe7 Ncxe7 16. b3 b5 17. Qxb4 Nxb4 18. Nh4 Nd3 19. Nxg6 hxg6 20. Rc3 Nxc5 21. Rac1 Na6 22. Rxc8 Rxc8 23. Rxc8+ Nxc8 24. Bb7 Nb4 25. Bxc8 Nxa2 26. Bd7 Nc3 27. Kf1 a5 28. Ke1 a4 29.
bxa4 bxa4 30. Nc4 Kf8 31. f3 Ke7 32. Kd2 Nd5 33. Bxa4 f6 34. f4 g5 35. Ne3 Nb6 36. Bb3 gxf4 37. gxf4 fxe5 38. fxe5 Nd7 39. Ng4 g5 40.
Ke3 Nc5 41. Bc4 Nd7 42. Kd4 Kf7 43. Nf6 Nxf6 44. exf6 Kxf6 45. Ke4 e5 46. h3 g4 47. hxg4 Kg5 48. Be6 1-0

[Event "*** Qualifier 4: Titled Tuesday 3|2 Blitz"]
[Site "Chess.com"]
[Date "2017.04.25"]
[Round "10"]
[White "GGuseinov"]
[Black "Beca95"]
[Result "1-0"]
[WhiteElo "2754"]
[BlackElo "2683"]
[TimeControl "180+2"]
[EndTime "15:15:05 PDT"]
[Termination "GGuseinov won by resignation"]

1. e4 c5 2. Nf3 d6 3. d4 cxd4 4.
Nxd4 Nf6 5. Nc3 a6 6. g3 e5 7. Nf3 h6 8. Bg2 Be6 9. O-O Nbd7 10. a4 Rc8 11. Re1 Be7 12. Nh4 g6 13. h3 Qc7 14. Be3 Nb6 15. Nd5 Nbxd5 16. exd5 Bd7 17. c3 g5 18. Nf3 Bf5 19. a5 Bg6 20. Nd2 Kf8 21.
Qe2 Kg7 22. f4 Nd7 23. fxe5 dxe5 24. Ne4 Bd6 25. h4 gxh4 26. gxh4 f5 27. h5 Bh7 28.
Bh3 Rhf8 29. Kh1 Kh8 30. Bb6 Qb8 31. Ba7 Qc7 32. Bb6 Nxb6 33. axb6 Qxb6 34. Nxd6 Qxd6 35. Qxe5+ Qxe5 36. Rxe5 Rc4 37. d6 Rd8 38. Rd1 Re4 39. Rxe4 fxe4 40. Kg2 Kg7 41. d7 Kf6 42. Rd6+ Ke5 43.
Rxh6 Bg8 44. Rh8 e3 45. Kg3 Kf6 46. h6 e2 47. Kf2 Ke7 48. Ke1 b5 49. h7 Bxh7 50.
Rxh7+ Kd6 51. Rh6+ Kc7 52. Rxa6 b4 53. Ra7+ Kb6 54.
Ra4 bxc3 55. bxc3 Rh8 56. Rd4 Kc7 57. d8=Q+ Rxd8 58. Rxd8 Kxd8 59. Kxe2 Kc7 60. Kd3 1-0

[Event "*** Qualifier 4: Titled Tuesday 3|2 Blitz"]
[Site "Chess.com"]
[Date "2017.04.25"]
[Round "10"]
[White "SerGo055"]
[Black "kreonx"]
[Result "1-0"]
[WhiteElo "2340"]
[BlackElo "2226"]
[TimeControl "180+2"]
[EndTime "15:15:22 PDT"]
[Termination "SerGo055 won by resignation"]

1. d4 f5 2. Nf3 Nf6 3. Bf4 e6 4. e3 d5 5. Bd3 Bd6 6. c4 Bxf4 7. exf4 dxc4 8. Bxc4 Nd5 9. g3 O-O 10. O-O b6 11. Re1 Qd6 12. Nc3 Bb7 13. Ng5 Re8 14. Qh5 Nf6 15. Qf7+ Kh8 16. Qxe8+ Nxe8 17. Nf7+ Kg8 18. Nxd6 Nxd6 19. Bxe6+ Kf8 20. Bd5 c6 21. Bf3 Na6 22. d5 cxd5 23. Bxd5 Nc5 24. b4 Nd3 25. Bxb7 Nxb7 26. Reb1 Rc8 27. Rb3 a5 28. Nd5 Nc1 29. Rbb1 Ne2+ 30. Kf1 Rc2 31. bxa5 Nxa5 32. Nb4 Rd2 33.
Rd1 Rb2 34. Rab1 Rxb1 35. Rxb1 Nc3 36. Rc1 Ne4 37. a4 Nc5 38. Nd5 Nxa4 39. Rb1 Nc4 40.
Rb4 Nab2 41. Nxb6 Nxb6 42. Rxb6 Nc4 43. Rb4 Nd6 44. Ke2 Kf7 45. f3 Nc8 46. Kd3 Ne7 47. Rb5 Ke6 48. Kd4 Nc6+ 49. Kc5 Ne7 50. Rb6+ Kf7 51. Rd6 g6 52. g4 Ke8 53. Re6 Kf7 54. Rxe7+ Kxe7 55. gxf5 gxf5 56. Kd5 Kf6 57. Kd6 Kg6 58.
Ke6 h6 59. Ke5 Kh5 60. Kxf5 Kh4 61. Kg6 h5 62. f5 Kh3 63. Kxh5 1-0

[Event "*** Qualifier 4: Titled Tuesday 3|2 Blitz"]
[Site "Chess.com"]
[Date "2017.04.25"]
[Round "10"]
[White "aRk_iN"]
[Black "r31415"]
[Result "0-1"]
[WhiteElo "2101"]
[BlackElo "2190"]
[TimeControl "180+2"]
[EndTime "15:15:24 PDT"]
[Termination "r31415 won by resignation"]

1. e4 d6 2. d4 Nf6 3. Nc3 g6 4.
Be3 c6 5. Qd2 b5 6. f3 Nbd7 7.
Nge2 Nb6 8. Ng3 Qc7 9. Be2 h5 10. h4 e5 11. d5 b4 12. Nd1 cxd5 13. Bb5+ Bd7 14. Bxd7+ Qxd7 15. Bg5 Bg7 16. Bxf6 Bxf6 17. exd5 Qb5 18. Ne4 Be7 19. Ne3 f5 20. Ng5 Bxg5 21.
hxg5 f4 22. Ng4 Ke7 23. Nf6 Rhc8 24. O-O-O b3 25. axb3 Qxb3 26. Kb1 Qb5 27. Qd3 Nc4 28. Qb3 Qxb3 29. cxb3 Ne3 30. Rd2 Rab8 31. Ka2 Rb5 32.
Re1 Rcc5 33. g3 Kf7 34. gxf4 exf4 35. Rd4 Ng2 36. Re2 Ra5+ 37. Kb1 Nh4 38. Rxf4 Nf5 39.
Ne4 Rxd5 40. Nc3 Re5 41. Rd2 Ke6 42. b4 Re1+ 43. Kc2 Rae5 44. Kb3 Ne3 45. b5 Rxg5 46. Ra4 Re5 47. Rxa7 h4 48. Rh7 Rh1 49. b6 Rf5 50. b7 Rf8 51. Rh6 Rb8 52. Rxg6+ Kf5 53. Rgxd6 Rxb7+ 54. Ka2 Ra7+ 55. Kb3 Rb7+ 56. Ka2 Ra7+ 57. Kb3 Rb7+ 58. Ka2 h3 59. Nd5 Ra7+ 60. Kb3 Rb7+ 61.
Ka2 Ra7+ 62. Kb3 Rb7+ 63. Ka2 Nc4 64. Ne7+ Rxe7 65. R2d5+ Re5 66. Rd4 Nxd6 0-1

[Event "*** Qualifier 4: Titled Tuesday 3|2 Blitz"]
[Site "Chess.com"]
[Date "2017.04.25"]
[Round "10"]
[White "L3on4rdo"]
[Black "dhanushbharadwaj"]
[Result "1/2-1/2"]
[WhiteElo "2395"]
[BlackElo "2445"]
[TimeControl "180+2"]
[EndTime "15:15:26 PDT"]
[Termination "Game drawn by stalemate"]

1. Nf3 Nf6 2. g3 g6 3. b3 Bg7 4. Bb2 d6 5. d4 O-O 6. Bg2 c5 7.
c4 cxd4 8. Nxd4 a6 9. Nc3 Nbd7 10. O-O Nc5 11. h3 Re8 12. e4 Ne6 13. Nc2 Bd7 14.
f4 Bc6 15. Re1 Rc8 16. Rb1 Nh5 17. Kh2 b5 18. cxb5 axb5 19. Nb4 Qa5 20. Nxc6 Rxc6 21. Nd5 Bxb2 22. Rxb2 Nc7 23. e5 Nxd5 24. Bxd5 Rc5 25. b4 Qa3 26. Qb3 Qxb3 27. Bxb3 Rcc8 28. exd6 exd6 29.
Rxe8+ Rxe8 30. Rd2 Re3 31. Rxd6 Nxg3 32. Rd7 Nf5 33.
Bxf7+ Kh8 34. Bb3 Re2+ 35. Kg1 Re4 36. a3 Rxf4 37. Rd3 Kg7 38. Be6 Nd4 39. Bd7 Kf6 40.
a4 bxa4 41. Bxa4 Ne2+ 42. Kg2 Rxb4 43. Rf3+ Nf4+ 44. Kg3 g5 45. Bd7 Rb2 46. Rf2 Rb3+ 47. Rf3 Rb7 48. h4 Rxd7 49. hxg5+ Kxg5 50. Rxf4 Rd3+ 51. Rf3 Rd1 52. Ra3 Rd5 53. Kh3 h5 54.
Rb3 Re5 55. Ra3 Re1 56. Rb3 Rh1+ 57. Kg2 Re1 58. Rb5+ Kg4 59. Rb4+ Kf5 60. Rb5+ Re5 61. Rxe5+ Kxe5 62. Kg3 Kf5 63. Kh4 Kg6 64. Kg3 Kg5 65. Kh3 h4 66. Kg2 Kh5 67. Kh2 Kg4 68. Kg2 h3+ 69.
Kh2 Kh4 70. Kh1 Kg3 71. Kg1 h2+ 72. Kh1 Kh3 1/2-1/2

[Event "*** Qualifier 4: Titled Tuesday 3|2 Blitz"]
[Site "Chess.com"]
[Date "2017.04.25"]
[Round "10"]
[White "LonesomeGeorge1"]
[Black "djano"]
[Result "1/2-1/2"]
[WhiteElo "2218"]
[BlackElo "2399"]
[TimeControl "180+2"]
[EndTime "15:15:35 PDT"]
[Termination "Game drawn - insufficient material"]

1. e4 e6 2. Nf3 d5 3. e5 c5 4. b4 d4 5. bxc5 Bxc5 6. Bd3 Nc6 7.
O-O Nge7 8. Ba3 b6 9. Bxc5 bxc5 10. Na3 Ng6 11. Nc4 O-O 12. Re1 Ba6 13. a3 Rb8 14.
Qe2 Qe7 15. Qe4 Bb7 16. Qg4 f5 17. exf6 Rxf6 18. Nfe5 Ngxe5 19. Nxe5 Rbf8 20. f3 Nd8 21. Rab1 Qc7 22. Bc4 Bd5 23. d3 Qd6 24. Rb2 Nf7 25. Nxf7 R6xf7 26. Rxe6 Qd8 27. Bxd5 Qxd5 28. Re4 h5 29.
Qg3 Rb7 30. Rxb7 Qxb7 31. h4 Qb1+ 32. Kh2 Qb7 33. Qg5 Qb8+ 34. Qe5 Qb6 35. Qe6+ Kh7 36. Qxb6 axb6 37. Re6 Ra8 38. Rxb6 Rxa3 39. Rb3 Ra2 40.
c3 Rd2 41. c4 Kg6 42. Kg3 Kf6 43. Rb5 Rxd3 44. Rxc5 g6 45. Kf4 Rd2 46. Rc6+ Kf7 47. g4 hxg4 48. fxg4 d3 49. Kg5 Rc2 50. Rc7+ Ke6 51.
Rc8 Ke5 52. Rd8 Ke4 53. Kxg6 Rxc4 54. Rxd3 Kxd3 55. h5 Rxg4+ 56. Kf7 Rh4 57. Kg6 Ke4 58.
h6 Rg4+ 59. Kf7 Rh4 60. Kg6 Rg4+ 61. Kf6 Rf4+ 62. Kg6 Ke5 63. h7 Rg4+ 64. Kf7 Rf4+ 65. Kg7 Rg4+ 66. Kf7 Rh4 67. Kg7 Rxh7+ 68. Kxh7 1/2-1/2

[Event "*** Qualifier 4: Titled Tuesday 3|2 Blitz"]
[Site "Chess.com"]
[Date "2017.04.25"]
[Round "10"]
[White "Noukii"]
[Black "abubakrtagelsir"]
[Result "0-1"]
[WhiteElo "2600"]
[BlackElo "2177"]
[TimeControl "180+2"]
[EndTime "15:15:44 PDT"]
[Termination "abubakrtagelsir won on time"]

1. d4 d5 2. Nf3 Nf6 3. c4 c6 4.
Nc3 dxc4 5. e4 b5 6. e5 Nd5 7. a4 e6 8. Ng5 Be7 9. h4 b4 10.
Nb1 c3 11. bxc3 bxc3 12. Rh3 Qa5 13. Qh5 Bxg5 14. hxg5 Qb4 15. Rf3 g6 16. Qg4 Nd7 17. Qe4 Nc5 18. Qc2 Nb3 19. Ra3 Nxd4 20. Qd3 Nxf3+ 21.
gxf3 a5 22. Nxc3 Ba6 23. Qc2 Bxf1 24. Kxf1 O-O 25. Ne4 Rfb8 26. Kg2 Qd4 27. f4 Rc8 28. Kf3 Nb4 29. Qe2 Nd5 30. Rd3 Qxa4 31. Qf1 Qb5 32. Kg4 Qc4 33. Nf6+ Kg7 34. Qh3 h5+ 35. gxh6+ Kh8 36. Bd2 Nxf6+ 37. exf6 Rd8 38. Rxd8+ Rxd8 39. Be3 Qd3 40. Kg3 a4 41. h7 Qf5 42. Qh4 a3 43.
Bb6 Rd3+ 44. Kg2 a2 45. Bc5 a1=Q 46. Bf8 Qh3+ 47. Qxh3 Rxh3 48. Bg7+ Kxh7 49. Kxh3 Qd1 50. Kg3 Qd3+ 51. f3 c5 52. Bf8 c4 53. Bb4 c3 54.
Ba3 c2 55. Bc1 Qd1 0-1

[Event "*** Qualifier 4: Titled Tuesday 3|2 Blitz"]
[Site "Chess.com"]
[Date "2017.04.25"]
[Round "10"]
[White "Shivagami"]
[Black "Makalexa"]
[Result "1-0"]
[WhiteElo "1996"]
[BlackElo "2181"]
[TimeControl "180+2"]
[EndTime "15:15:45 PDT"]
[Termination "Shivagami won by checkmate"]

1. d4 Nf6 2. Bf4 d6 3. Nf3 g6 4. e3 Bg7 5. Be2 O-O 6. O-O Nfd7 7. c4 e5 8. Bg3 Nc6 9. Nc3 Re8 10. a3 e4 11. Nd2 Nf6 12. Bh4 Qd7 13. Bxf6 Bxf6 14.
Ndxe4 Bg7 15. Bf3 f5 16. Nd2 f4 17. Bd5+ Kh8 18. Nde4 Nd8 19. Ng5 c6 20. Be4 h6 21.
Bxg6 Rf8 22. Nge4 Qe6 23. Qh5 Qe7 24. exf4 Ne6 25. g3 Nxd4 26. Ng5 Kg8 27. Nge4 Be6 28. Rae1 Qd7 29. Ng5 Bg4 30. Qh4 Rf6 31. f5 Rxg6 32.
fxg6 Rf8 33. f4 Rd8 34. Nge4 Bh3 35. Rf2 Rf8 36. Ng5 Bf5 37. g4 Bxg6 38. Nf3 Kh7 39. f5 Be8 40. Kh1 Bf6 41. Qh3 Nxf3 42. Rxf3 Bg5 43.
Ne4 Qg7 44. Nxg5+ Qxg5 45. Rfe3 Bf7 46. Re7 d5 47. R1e6 Kg8 48. Rxh6 Qc1+ 49. Kg2 Qg5 50.
Rh8+ Kg7 51. Qh7+ Kf6 52. Rxf8 Qxg4+ 53. Kf2 Qf4+ 54. Ke2 Qxc4+ 55. Kf3 Qd3+ 56. Re3 Qf1+ 57. Kg3 Qg1+ 58. Kf4 Qf2+ 59. Rf3 Qd4+ 60. Kg3 Qg1+ 61. Kh3 Kg5 62. Qg7+ Kh5 63. Rh8# 1-0

[Event "*** Qualifier 4: Titled Tuesday 3|2 Blitz"]
[Site "Chess.com"]
[Date "2017.04.25"]
[Round "10"]
[White "wnstop"]
[Black "underdogchss"]
[Result "0-1"]
[WhiteElo "2456"]
[BlackElo "2409"]
[TimeControl "180+2"]
[EndTime "15:16:14 PDT"]
[Termination "underdogchss won by checkmate"]

1. e4 e5 2. Nf3 Nc6 3. Nc3 Nf6 4.
Be2 Bb4 5. Nd5 Be7 6. Nxf6+ Bxf6 7.
Bc4 d6 8. d3 h6 9. Be3 Qe7 10.
a4 Be6 11. a5 a6 12. c3 O-O 13. O-O Kh7 14. Qb3 Rab8 15. Nd2 Bg5 16. Bxg5 hxg5 17.
Rfe1 Bd7 18. h3 g6 19. Nf1 Kg7 20. Ne3 Qd8 21. f3 Qe8 22. Kf2 f5 23. Ke2 Ne7 24.
Be6 c6 25. Kd2 Rf6 26. Bxd7 Qxd7 27. Nc4 g4 28. Nb6 Qd8 29. fxg4 fxg4 30. Rf1 Ng8 31. Kc2 g3 32. Rae1 Rf2+ 33. Rxf2 gxf2 34. Rf1 Qh4 35. Nc4 Qf6 36. Ne3 Nh6 37. Nd1 Qg5 38. Rxf2 Qg3 39. Qe6 Ng8 40. Qxd6 Re8 41. Kb1 Re7 42. Rf3 Qe1 43. Kc2 Qe2+ 44. Kc1 Qxg2 45. Re3 Qg5 46. d4 exd4 47. Qxd4+ Kh6 48. Kc2 Nf6 49. Nf2 Nd7 50.
Ng4+ Kh7 51. e5 Nf8 52. Rf3 Ne6 53. Nf6+ Kh6 54. Qd6 Qg2+ 55. Kb3 Qxf3 56. Qxe7 Nd4+ 57. Kc4 Nf5 58. Ng4+ Kh5 59. Nf6+ Kh6 60. Qf8+ Kg5 61. Nh7+ Kf4 62. Kb3 Qd5+ 63. Ka4 Qa2+ 64. Kb4 Qxb2+ 65. Kc4 Qb5# 0-1

[Event "*** Qualifier 4: Titled Tuesday 3|2 Blitz"]
[Site "Chess.com"]
[Date "2017.04.25"]
[Round "10"]
[White "AllStarShark"]
[Black "saraswathii"]
[Result "0-1"]
[WhiteElo "2297"]
[BlackElo "2217"]
[TimeControl "180+2"]
[EndTime "15:16:34 PDT"]
[Termination "saraswathii won on time"]

1. d4 d5 2. Bf4 Bf5 3. e3 c6 4. c4 Nf6 5. Nc3 e6 6. Nf3 Nbd7 7. h3 Bb4 8. Qb3 Qb6 9. c5 Bxc3+ 10.
bxc3 Qxb3 11. axb3 O-O 12. Be2 a5 13. O-O Ne4 14. Rfc1 b6 15. cxb6 Nxb6 16. Bd3 a4 17. Bxe4 Bxe4 18. Nd2 axb3 19. Nxb3 Nc4 20. Nc5 Bg6 21. Nd7 Rxa1 22. Rxa1 Rc8 23. Ne5 Nxe5 24. Bxe5 h6 25. Kf1 c5 26. Kg1 c4 27. Ra7 Rc6 28.
Ra1 Rb6 29. Bc7 Rb2 30. Bd6 Bd3 31. Ra8+ Kh7 32. Ra7 Kg6 33. Ra8 Rc2 34. Bb4 Rc1+ 35. Kh2 Rf1 36. Ra2 Rc1 37. Ra8 Rc2 38. Kg3 h5 39. h4 Kf6 40. Rh8 Be2 41. f3 Bf1 42.
Rxh5 Rxg2+ 43. Kf4 Rf2 44. e4 dxe4 45. Kxe4 Bg2 46. Rg5 Bxf3+ 47. Ke3 Rf1 48. Rg3 Bh5 49. Bd6 g6 50. Bb4 Rh1 51. Rg2 Rxh4 52. Rf2+ Kg7 53. Bd6 f6 54. Be7 Rh3+ 55. Kd2 Bf3 56. Bd6 g5 57. Kc2 Kg6 58. Kb2 g4 59. Ka3 Bd5 60. Be7 Rxc3+ 61. Kb4 Rb3+ 62. Kc5 f5 63. Bd6 g3 64.
Rf1 g2 65. Rg1 Kg5 66. Rc1 f4 67. Be7+ Kg4 68. Kd6 f3 69. Ke5 f2 70. Bg5 Kxg5 71.
Kd6 g1=Q 72. Rc2 Qg3+ 73. Ke7 Rb7+ 0-1